 Dungeon Crawl Stone Soup version 0.22-a0-21-g9421e3f (webtiles) character file.

16169 mortelune the Destroyer (level 12, -5/69 HPs)
             Began as a Deep Elf Fire Elementalist on Jan 2, 2018.
             Was an Elder of Vehumet.
             Slain by a blink frog (18 damage)
             ... on level 2 of the Lair of Beasts.
             The game lasted 00:57:31 (19283 turns).

mortelune the Destroyer (DEFE)                     Turns: 19283, Time: 00:57:32

Health: -5/69      AC: 10    Str:  5    XL:     12   Next: 7%
Magic:  25/29      EV: 12    Int: 26    God:    Vehumet [****..]
Gold:   99         SH:  5    Dex: 15    Spells: 12/33 levels left

rFire    + . .     SeeInvis .   G - staff of energy
rCold    x . .     Gourm    .   q - +0 buckler
rNeg     . . .     Faith    .   R - +3 leather armour "Zovis" {Regen+}
rPois    .         Spirit   .   (no helmet)
rElec    .         Reflect  .   f - +0 cloak
rCorr    .         Harm     .   S - +2 pair of gloves
MR       ++...                  (no boots)
Stlth    ++........             (no amulet)
HPRegen  0.61/turn              t - ring of fire
MPRegen  0.21/turn              x - ring of protection from magic

@: no status effects
A: no striking features
a: Renounce Religion


You were on level 2 of the Lair of Beasts.
You worshipped Vehumet.
Vehumet was greatly pleased with you.
You were not hungry.

You visited 2 branches of the dungeon, and saw 13 of its levels.

You collected 437 gold pieces.
You spent 338 gold pieces at shops.

Inventory:

Hand Weapons
 h - a +0 dagger
 k - a +1 short sword
 C - a +4 short sword
 D - the +3 quarterstaff of the Messenger {flame, Int+4}
   (You found it on level 6 of the Dungeon)

   It has been specially enchanted to burn those struck by it, causing extra
   injury to most foes and up to half again as much damage against particularly
   susceptible opponents.
   It affects your intelligence (+4).
 I - a +6 hunting sling
 N - the +7 falchion "Testudineslayer" {flame, rElec Dex+2}
   (You took it off a wight on level 8 of the Dungeon)

   It has been specially enchanted to burn those struck by it, causing extra
   injury to most foes and up to half again as much damage against particularly
   susceptible opponents.
   Big, fiery blades are also staple armaments of hydra-hunters.
   It affects your dexterity (+2).
   It insulates you from electricity.
Missiles
 J - 22 sling bullets
Armour
 a - a +0 robe
 f - a +0 cloak (worn)
 l - a +0 pair of gloves
 q - a +0 buckler (worn)
 R - the +3 leather armour "Zovis" (worn) {Regen+}
   (You found it on level 9 of the Dungeon)

   It increases your rate of regeneration.
 S - a +2 pair of gloves (worn)
Magical Staves
 p - an uncursed staff of fire
 G - an uncursed staff of energy (weapon)
Jewellery
 t - a ring of fire (left hand)
 x - a ring of protection from magic (right hand)
 K - an uncursed ring of see invisible
 W - an uncursed ring of protection from fire
Wands
 u - a wand of flame (33)
 B - a wand of polymorph (6)
 L - a wand of iceblast (6)
Scrolls
 d - 7 scrolls of identify
 g - a scroll of amnesia
 i - a scroll of enchant weapon
 o - 4 scrolls of noise
 r - 4 scrolls of remove curse {unknown}
 s - 5 scrolls of magic mapping {unknown}
 y - a scroll of enchant armour {unknown}
 E - 3 scrolls of teleportation {unknown}
 H - 3 scrolls of blinking {unknown}
 M - 4 scrolls of fog {unknown}
 Q - a scroll of silence {unknown}
 T - a scroll of vulnerability {unknown}
 V - a scroll of random uselessness {unknown}
Potions
 e - a potion of ambrosia {unknown}
 j - 3 potions of mutation
 m - a potion of might {unknown}
 n - 2 potions of curing
 v - 2 potions of cancellation
 w - 2 potions of flight {unknown}
 z - 2 potions of magic {unknown}
 A - a potion of agility {unknown}
 F - 3 potions of lignification {unknown}
 O - 2 potions of brilliance {unknown}
 U - a potion of degeneration {unknown}
Books
 b - a book of Flames

   Spells                             Type                      Level
   a - Flame Tongue                   Conjuration/Fire             1
   b - Throw Flame                    Conjuration/Fire             2
   c - Conjure Flame                  Conjuration/Fire             3
   d - Inner Flame                    Hexes/Fire                   3
   e - Sticky Flame                   Conjuration/Fire             4
   f - Fireball                       Conjuration/Fire             5
 P - a book of Cantrips

   Spells                             Type                      Level
   a - Confusing Touch                Hexes                        1
   b - Animate Skeleton               Necromancy                   1
   c - Summon Small Mammal            Summoning                    1
   d - Apportation                    Translocation                1
Comestibles
 c - 18 rations


   Skills:
 + Level 5.8 Fighting
 + Level 4.1 Armour
 - Level 2.4 Dodging
 - Level 2.4 Stealth
 * Level 3.7 Shields
 + Level 11.4 Spellcasting
 * Level 12.9 Conjurations
 + Level 10.0 Fire Magic
 + Level 1.1 Air Magic


You had 12 spell levels left.
You knew the following spells:

 Your Spells              Type           Power        Failure   Level  Hunger
a - Flame Tongue          Conj/Fire      #####        1%          1    None
b - Throw Flame           Conj/Fire      ######       1%          2    None
c - Conjure Flame         Conj/Fire      #######.     1%          3    None
d - Sticky Flame          Conj/Fire      #######.     1%          4    None
e - Fireball              Conj/Fire      #######...   1%          5    None
f - Freeze                Ice            ##..         1%          1    None
g - Airstrike             Air            ###.......   11%         4    None
z - Animate Skeleton      Necr           N/A          6%          1    None


Dungeon Overview and Level Annotations

Branches:
Dungeon (11/15)            Temple (0/1) D:7            Lair (2/6) D:10
 Spider (0/4) Lair:2          Orc (0/2) D:10
  Swamp: Lair:2-4    Shoals: Lair:2-4

Altars:
Ashenzari
Dithmenos
Elyvilon
Gozag
Kikubaaqudgha
Okawaru
Qazlal
Ru
Sif Muna
Trog
Uskayaw
Vehumet
Wu Jian
Xom
Zin
The Shining One

Shops:
D:7 (   D:8 =   D:10 *

Annotations:
D:2 popo parchein need rf
D:6 Sigmund
Lair:2 Erica


Message History

You feel better.
The blink frog blinks! x3; You block the blink frog's attack.
The blink frog barely misses you.
Casting: Flame Tongue
Confirm with . or Enter, or press ? or * to list all spells.
Aiming: Sticky Flame
Press: ? - help, Shift-Dir - straight line, f - blink frog
Aim: a blink frog (lightly wounded)
You feel a surge of power!
The sticky flame hits the blink frog.
The blink frog is heavily wounded.
The blink frog is covered in liquid flames!
The blink frog burns!
The blink frog hits you!
* * * LOW HITPOINT WARNING * * *
The blink frog blinks!
The blink frog hits you.
* * * LOW HITPOINT WARNING * * *
The blink frog blinks!
The blink frog barely misses you. You block the blink frog's attack.
The blink frog hits you!
* * * LOW HITPOINT WARNING * * *
You feel better.
The blink frog burns!
You block the blink frog's attack. The blink frog hits you!!
You die...

##.........#.#..###
#.......%..##.#.#.#
##......†#...#...#.
#F.......†....>... .P..#
#...F......#.....# ..... ...#
#..........#.#.#.# ..... P..#
#......##.###..# # ...... #..#
#§....###...#...## (..... #..#
#@§...P# ......... #.....##..#
###FF....# .##.###..
......F...###§......##########..
..........##.........#.#.#.##...
........F...F...................
#####.P#P#.##.PP..####.##.###PP#
############P## ###### #### ###


You could see 5 blink frogs.

Vanquished Creatures
  A hydra (D:10)
  4 two-headed ogres
  An unseen horror (D:11)
  An ugly thing (D:11)
  Joseph (D:7)
  Psyche (D:8)
  3 spiny frogs
  A queen bee (D:10)
  A troll (D:10)
  A hornet (D:10)
  4 hippogriffs
  The ghost of anet the Magician, an amateur DEWz (D:4)
  A vampire (D:11)
  15 yaks
  A hungry ghost (D:11)
  A soldier ant (D:11)
  A water moccasin (Lair:1)
  3 porcupines
  3 orc warriors
  4 ice beasts
  2 black bears
  A sky beast (D:11)
  4 ogres
  3 necrophages
  3 crocodiles
  5 wolves
  5 centaurs
  A big kobold (D:11)
  4 bullfrogs
  A water moccasin zombie (D:11)
  5 scorpions
  25 killer bees
  12 wights
  4 howler monkeys
  A crimson imp (D:9)
  A bullfrog zombie (D:6)
  A centaur skeleton (D:11)
  3 orc priests
  4 hounds
  3 jellies
  2 iguanas
  7 orc wizards
  11 worker ants
  A killer bee zombie (D:6)
  A hound zombie (D:7)
  2 hound skeletons
  2 worker ant zombies
  3 gnolls (D:3)
  14 adders
  2 shadow imps
  A white imp (D:5)
  2 oozes
  An adder zombie (D:5)
  An adder skeleton (D:4)
  7 worms
  3 dart slugs
  3 leopard geckos
  13 orcs
  A ball python (D:4)
  6 bats
  6 giant cockroaches
  6 goblins
  8 hobgoblins
  6 jackals
  28 kobolds
  6 quokkas
  6 frilled lizards
  A quokka skeleton (D:4)
  8 rats
295 creatures vanquished.

Vanquished Creatures (collateral kills)
  An orc warrior (D:10)
  A bullfrog (Lair:1)
2 creatures vanquished.

Vanquished Creatures (others)
  A hobgoblin (D:2)
  A kobold (D:6)
  10 fungi
  A plant (D:6)
13 creatures vanquished.

Grand Total: 310 creatures vanquished

Notes
Turn   | Place    | Note
-------+----------+-------------------------------------------
     0 | D:1      | mortelune the Deep Elf Fire Elementalist began the quest for the Orb.
     0 | D:1      | Reached XP level 1. HP: 10/10 MP: 6/6
   406 | D:1      | Reached XP level 2. HP: 15/15 MP: 6/8
   410 | D:1      | Learned a level 2 spell: Throw Flame
   611 | D:1      | Reached skill level 2 in Conjurations
  1454 | D:2      | Reached XP level 3. HP: 19/19 MP: 5/10
  1459 | D:2      | Learned a level 3 spell: Conjure Flame
  1916 | D:2      | Reached skill level 3 in Conjurations
  2190 | D:2      | Reached XP level 4. HP: 24/24 MP: 6/11
  2235 | D:2      | Learned a level 4 spell: Sticky Flame
  3768 | D:3      | Reached XP level 5. HP: 28/28 MP: 8/13
  4003 | D:3      | Reached skill level 1 in Shields
  4003 | D:3      | Reached skill level 4 in Conjurations
  5051 | D:4      | Noticed an ogre
  5051 | D:4      | Reached XP level 6. HP: 32/32 MP: 8/15
  5067 | D:4      | Reached skill level 5 in Spellcasting
  5071 | D:4      | Reached skill level 5 in Conjurations
  5397 | D:4      | Reached skill level 5 in Fire Magic
  5518 | D:4      | Reached XP level 7. HP: 35/36 MP: 6/16
  5761 | D:4      | Learned a level 5 spell: Fireball
  5861 | D:4      | Found a white marble altar of Elyvilon.
  6018 | D:4      | Noticed anet's ghost (amateur DEWz)
  6040 | D:4      | Killed anet's ghost
  6331 | D:4      | Found a burning altar of Makhleb.
  6334 | D:4      | Found a radiant altar of Vehumet.
  6334 | D:4      | Found an ornate altar of the Wu Jian Council.
  6336 | D:4      | Found a shimmering altar of Xom.
  6336 | D:4      | Found a shadowy altar of Dithmenos.
  6336 | D:4      | Found an iron altar of Okawaru.
  6579 | D:5      | Entered Level 5 of the Dungeon
  6587 | D:5      | Reached skill level 6 in Conjurations
  6669 | D:5      | Found a shattered altar of Ashenzari.
  7134 | D:5      | Found a radiant altar of Vehumet.
  7144 | D:5      | Reached XP level 8. HP: 24/41 MP: 9/19
  7378 | D:5      | Became a worshipper of Vehumet
  8029 | D:6      | Got a slimy quarterstaff
  8191 | D:6      | Identified the +3 quarterstaff of the Messenger {flame, Int+4} (You found it on level 6 of the Dungeon)
  8369 | D:6      | Noticed Sigmund
  8400 | D:6      | Reached skill level 7 in Conjurations
  9463 | D:7      | Reached skill level 1 in Fighting
  9621 | D:7      | Reached skill level 8 in Conjurations
  9665 | D:7      | Reached * piety under Vehumet
  9665 | D:7      | Offered knowledge of Freeze by Vehumet.
  9730 | D:7      | Learned a level 1 spell: Freeze
  9875 | D:7      | Reached XP level 9. HP: 44/48 MP: 14/22
  9974 | D:7      | Found Sorhalie's Antique Weapon Shoppe.
  9985 | D:7      | Found an ancient bone altar of Kikubaaqudgha.
 10420 | D:7      | Noticed Joseph
 10423 | D:7      | Killed Joseph
 10644 | D:7      | Found a staircase to the Ecumenical Temple.
 10838 | D:8      | Found Feb Tiuti's Jewellery Emporium.
 10841 | D:8      | Bought an uncursed ring of see invisible for 195 gold pieces
 10879 | D:8      | Reached skill level 9 in Conjurations
 11287 | D:8      | Found a sacrificial altar of Ru.
 11524 | D:8      | Noticed Psyche
 11527 | D:8      | Killed Psyche
 11732 | D:8      | Found a stormy altar of Qazlal.
 11742 | D:8      | Got a pitted falchion {flame}
 11743 | D:8      | Identified the +7 falchion "Testudineslayer" {flame, rElec Dex+2} (You took it off a wight on level 8 of the Dungeon)
 12322 | D:9      | Noticed a two-headed ogre
 12329 | D:9      | Killed a two-headed ogre
 12329 | D:9      | Reached skill level 10 in Conjurations
 12329 | D:9      | Reached XP level 10. HP: 56/56 MP: 17/25
 12923 | D:9      | Offered knowledge of Shock by Vehumet.
 13143 | D:9      | Got a slimy leather armour
 13154 | D:9      | Identified the +3 leather armour "Zovis" {Regen+} (You found it on level 9 of the Dungeon)
 13307 | D:9      | Found a bloodstained altar of Trog.
 13313 | D:9      | Noticed a two-headed ogre
 13327 | D:9      | Killed a two-headed ogre
 13327 | D:9      | Reached skill level 1 in Armour
 13413 | D:9      | Found a hide-covered altar of Uskayaw.
 13414 | D:9      | Found an opulent altar of Gozag.
 13414 | D:9      | Found a deep blue altar of Sif Muna.
 13417 | D:9      | Found a glowing silver altar of Zin.
 13559 | D:9      | Reached ** piety under Vehumet
 13562 | D:9      | Noticed a two-headed ogre
 13565 | D:9      | Killed a two-headed ogre
 13565 | D:9      | Reached skill level 11 in Conjurations
 13769 | D:9      | Found a glowing golden altar of the Shining One.
 13872 | D:10     | Entered Level 10 of the Dungeon
 13872 | D:10     | Found Ulubucal's General Store.
 13875 | D:10     | Noticed a two-headed ogre
 13882 | D:10     | Killed a two-headed ogre
 13882 | D:10     | Reached skill level 10 in Spellcasting
 14186 | D:10     | Reached XP level 11. HP: 62/62 MP: 12/27
 14393 | D:10     | Bought a potion of cancellation for 104 gold pieces
 14393 | D:10     | Bought a potion of curing for 39 gold pieces
 14617 | D:10     | Offered knowledge of Ignite Poison by Vehumet.
 14838 | D:10     | Noticed a six-headed hydra
 14839 | D:10     | Reached skill level 5 in Fighting
 14839 | D:10     | Reached *** piety under Vehumet
 14842 | D:10     | Killed a six-headed hydra
 14842 | D:10     | Reached skill level 12 in Conjurations
 15170 | D:10     | Found a staircase to the Orcish Mines.
 15358 | D:10     | Learned a level 1 spell: Animate Skeleton
 15504 | D:10     | Found a staircase to the Lair.
 15635 | D:11     | Killed an unseen horror
 15704 | D:11     | Offered knowledge of Airstrike by Vehumet.
 15789 | D:11     | Learned a level 4 spell: Airstrike
 15906 | D:11     | Noticed a cyan ugly thing
 15910 | D:11     | Killed a cyan ugly thing
 17717 | Lair:1   | Entered Level 1 of the Lair of Beasts
 17784 | Lair:1   | Reached **** piety under Vehumet
 18648 | Lair:1   | Reached XP level 12. HP: 69/69 MP: 24/29
 18986 | Lair:2   | Reached skill level 1 in Air Magic
 19013 | Lair:2   | Noticed Erica
 19030 | Lair:1   | Reached skill level 10 in Fire Magic
 19135 | Lair:2   | Found a hole to the Spider Nest.
 19226 | Lair:2   | Offered knowledge of Yara's Violent Unravelling by Vehumet.
 19282 | Lair:2   | HP: 2/69 [blink frog (8)]
 19283 | Lair:2   | Slain by a blink frog

Vault maps used:
D:1:      dpeg_arrival_tiny_c, minmay_misc_feat_five
D:2:      grunt_ministairs_14, lemuel_flame_loot_1
D:4:      doesnt_xom_only_xom, first_ration, minmay_misc_feat_enclosed,
          st_stairs_4, elyvilon_altar_1
D:5:      nicolae_ashenzari_panopticon, vehumet_altar_wand_db
D:6:      kennysheep_kobold_camp, grunt_decor_resistance, uniq_sigmund
D:7:      kiku_gazebo_garden_becter, temple_fountains, serial_shops, shop,
          hangedman_minor_gate_pass, uniq_joseph
D:8:      nicolae_overflow_crystal_walls, nicolae_ru_awakened_eye, serial_shops,
          shop, uniq_psyche
D:9:      tso_altar, minitemple
D:10:     grunt_lair_entry_orc_guard_hut, orc_0_dummy, serial_shops,
          shop_fountains, david_nohive_1
Lair:1:   serial_bayou_shore_a
Lair:2:   nicolae_spider_entry_non_spiders, uniq_erica

Skill      XL: |  1  2  3  4  5  6  7  8  9 10 11 12 |
---------------+-------------------------------------+-----
Conjurations   | 2 3 4 5 6 8 10 11 12 | 12.9
Fire Magic     | 4 5 6 8 9 10 | 10.0
Spellcasting   | 4 5 6 7 9 10 11 | 11.4
Shields        | 1 2 3 |  3.7
Fighting       | 1 3 4 5 |  5.8
Armour         | 2 4 |  4.1
Air Magic      | 1 |  1.1
Dodging        | |  2.4
Stealth        | |  2.4

Action                   |  1- 3 |  4- 6 |  7- 9 | 10-12 || total
-------------------------+-------+-------+-------+-------++-------
Melee: Short sword       |     2 |       |       |       ||     2
       Staff             |       |     1 |    46 |     3 ||    50
 Cast: Flame Tongue      |    39 |    58 |   155 |   159 ||   411
       Throw Flame       |    15 |    47 |    59 |    67 ||   188
       Conjure Flame     |     1 |     1 |     6 |    10 ||    18
       Sticky Flame      |       |     3 |    18 |    26 ||    47
       Fireball          |       |       |    10 |    55 ||    65
       Freeze            |       |       |     4 |     3 ||     7
       Animate Skeleton  |       |       |       |     7 ||     7
Evoke: Wand              |       |       |     1 |       ||     1
  Use: Scroll            |     1 |     4 |       |       ||     5
       Potion            |       |       |     2 |     5 ||     7
  Eat: Chunk             |     4 |     9 |    12 |    17 ||    42
       Ration            |       |     1 |     3 |     1 ||     5
Armor: Robe              |     1 |     1 |    19 |       ||    21
       Leather armour    |       |       |       |    46 ||    46
Dodge: Dodged            |     7 |     7 |    65 |    81 ||   160
Block: Buckler           |       |       |       |    20 ||    20

Table legend:
 A = Spawn XP
 B = Non-spawn XP
 C = Spawn XP percentage of total XP
 D = Spawn monster count
 E = Non-spawn monster count
 F = Spawn count percentage of total count
 G = Total turns spent on level
                    A         B        C        D         E        F      G
               +---------+---------+-------+---------+---------+-------+---------
         Total |       0 |   23099 |   0.0 |       0 |     297 |   0.0 | 19283
               +---------+---------+-------+---------+---------+-------+---------
           D:1 |       0 |      36 |   0.0 |       0 |      17 |   0.0 |  1450
           D:2 |       0 |      90 |   0.0 |       0 |      27 |   0.0 |  1840
           D:3 |       0 |     242 |   0.0 |       0 |      27 |   0.0 |  1615
           D:4 |       0 |     641 |   0.0 |       0 |      16 |   0.0 |  1846
           D:5 |       0 |     470 |   0.0 |       0 |      16 |   0.0 |  1265
           D:6 |       0 |     512 |   0.0 |       0 |      28 |   0.0 |  1163
           D:7 |       0 |    1485 |   0.0 |       0 |      20 |   0.0 |  1600
           D:8 |       0 |    1306 |   0.0 |       0 |      17 |   0.0 |  1264
           D:9 |       0 |    4225 |   0.0 |       0 |      21 |   0.0 |  2282
          D:10 |       0 |    6976 |   0.0 |       0 |      50 |   0.0 |  1618
          D:11 |       0 |    4258 |   0.0 |       0 |      38 |   0.0 |  2087
        Lair:1 |       0 |    2099 |   0.0 |       0 |      11 |   0.0 |  1018
        Lair:2 |       0 |     759 |   0.0 |       0 |       9 |   0.0 |   235
               +---------+---------+-------+---------+---------+-------+---------
